 Dungeon Crawl Stone Soup version 0.21.1-1-g345015fe64 (webtiles) character file.

198 Marius the Chopper (level 5, -3/47 HPs)
             Began as a Minotaur Berserker on July 17, 2018.
             Was a Believer of Trog.
             Killed by divine providence
             ... invoked by an orc priest
              (17 damage)
             ... on level 3 of the Dungeon.
             The game lasted 00:07:06 (1528 turns).

Marius the Chopper (Minotaur Berserker)             Turns: 1528, Time: 00:07:06

Health: -3/47      AC:  7    Str: 22    XL:     5   Next: 47%
Magic:  4/4        EV: 10    Int:  4    God:    Trog [**....]
Gold:   85         SH:  0    Dex: 10    Spells: 4/4 levels left

rFire    . . .     SeeInvis .   y - +0 halberd
rCold    . . .     Gourm    .   (shield currently unavailable)
rNeg     . . .     Faith    .   h - +0 scale mail
rPois    .         Spirit   .   (helmet restricted)
rElec    .         Reflect  .   (no cloak)
rCorr    .         Harm     .   (no gloves)
MR       .....                  (no boots)
Stlth    ..........             (no amulet)
HPRegen  0.15/turn              (no ring)
MPRegen  0.09/turn              (no ring)

@: no status effects
A: retaliatory headbutt, horns 2
a: Berserk, Trog's Hand, Burn Spellbooks, Renounce Religion


You were on level 3 of the Dungeon.
You worshipped Trog.
Trog was pleased with you.
You were not hungry.

You visited 1 branch of the dungeon, and saw 3 of its levels.

You collected 85 gold pieces.

Inventory:

Hand Weapons
 a - a +0 hand axe
 g - a +0 whip
 j - a +0 dagger
 m - a +0 club
 q - a +0 hunting sling
 s - a +0 short sword
 v - a +0 spear
 w - a +0 short sword
 x - a +0 flail
 y - a +0 halberd (weapon)
 A - a +0 mace
Missiles
 i - 61 poisoned needles
 r - 20 bolts
Armour
 b - a +0 animal skin
 f - a +0 leather armour
 h - a +0 scale mail (worn)
 n - a +0 robe
 t - a +0 robe
Jewellery
 k - an uncursed amulet of guardian spirit {unknown}
 z - an uncursed amulet of guardian spirit {unknown}
Scrolls
 d - a scroll of teleportation {unknown}
 e - a scroll of enchant armour {unknown}
 l - 4 scrolls of identify {unknown}
 o - a scroll of magic mapping {unknown}
 u - 2 scrolls of remove curse {unknown}
 B - a scroll of enchant weapon {unknown}
 D - a scroll of fog {unknown}
Potions
 p - 2 potions of invisibility {unknown}
 C - a potion of might {unknown}
Comestibles
 c - 7 rations


   Skills:
 + Level 4.7 Fighting
 + Level 5.4(5.6) Axes
 + Level 2.3(4.2) Polearms
 + Level 3.7 Armour
 + Level 2.5 Dodging


You had 4 spell levels left.
You didn't know any spells.

Dungeon Overview and Level Annotations

Branches:
Dungeon (3/15)

Altars:


Innate Abilities, Weirdness & Mutations

You reflexively headbutt those who attack you in melee.
You have a pair of horns on your head.


Message History

You headbutt the gnoll, but do no damage.
The orc priest looks braver for a moment.
The gnoll hits you but does no damage.
You barely miss the gnoll. You headbutt the gnoll!
The gnoll is almost dead.
The gnoll hits you.
You slice the gnoll!!
You kill the gnoll!
Trog accepts your kill.
You barely miss the orc. Your headbutt misses the orc. The orc misses you.
You furiously retaliate!
You headbutt the orc!
You kill the orc!
Trog accepts your kill.
The orc priest calls down the wrath of Beogh upon you.
Beogh smites you!
* * * LOW HITPOINT WARNING * * *
There is an open door here.
The orc priest calls down the wrath of Beogh upon you.
Beogh smites you!
You die...

#....##.......#
#....##.......#
#....##.......#
####.##.......#
#..#.†...(.##
##.#........#
#..###.....#
##.# #.....#
#.# #.@...# #.#
##'#### #.# #o#
#.# #)# #.# #o#
#.# #.# #.# #.#
#.#


You could see an orc priest and an orc.

Vanquished Creatures
  11 gnolls
  4 adders
  2 worms (D:2)
  2 dart slugs
  2 leopard geckos (D:2)
  An orc (D:3)
  5 bats
  A giant cockroach (D:2)
  A goblin (D:2)
  8 hobgoblins
  A ball python (D:3)
  2 frilled lizards
  8 kobolds
  8 rats
56 creatures vanquished.

Notes
Turn   | Place    | Note
-------+----------+-------------------------------------------
     0 | D:1      | Marius the Minotaur Berserker began the quest for the Orb.
     0 | D:1      | Reached XP level 1. HP: 19/19 MP: 0/0
    80 | D:1      | Reached XP level 2. HP: 17/27 MP: 1/1
    80 | D:1      | Reached skill level 4 in Axes
   365 | D:2      | Reached ** piety under Trog
   365 | D:2      | Reached XP level 3. HP: 18/33 MP: 2/2
   891 | D:2      | Reached XP level 4. HP: 25/41 MP: 3/3
   918 | D:2      | Reached skill level 5 in Axes
  1281 | D:2      | Reached XP level 5. HP: 42/47 MP: 4/4
  1495 | D:3      | Reached skill level 1 in Polearms
  1528 | D:3      | Killed from afar by an orc priest

Skill      XL: |  1  2  3  4  5 |
---------------+----------------+-----
Axes           | 4 5 |  5.4
Fighting       | 4 |  4.7
Armour         | 3 |  3.7
Polearms       | 2 |  2.3
Dodging        | |  2.5

Action                   |  1- 3 |  4- 6 || total
-------------------------+-------+-------++-------
Melee: Hand axe          |    56 |     8 ||    64
       Headbutt          |     8 |    12 ||    20
       Halberd           |       |    44 ||    44
  Eat: Chunk             |       |     2 ||     2
Armor: Scale mail        |    24 |    20 ||    44
Dodge: Dodged            |    35 |    22 ||    57
